 Dungeon Crawl Stone Soup version 0.31.0-1-g2c135a0 (webtiles) character file.

Game seed: 4485341727908199898

1223 mezmerelda the Jinx (level 8, -7/39 HPs)
             Began as a Spriggan Enchanter on Mar 9, 2024.
             Was a Follower of Sif Muna.
             Mangled by Pikel
             ... wielding a +2 whip of electrocution
              (19 damage)
             ... on level 6 of the Dungeon on Mar 13, 2024.
             The game lasted 00:32:09 (6029 turns).

mezmerelda the Jinx (Spriggan Enchanter)            Turns: 6029, Time: 00:32:09

Health: -7/39      AC:  5    Str:  4    XL:     8   Next: 23%
Magic:  3/6        EV: 18    Int: 19    God:    Sif Muna [*.....]
Gold:   81         SH:  0    Dex: 18    Spells: 8/19 levels left

rFire   . . .        b - +7 dagger of the Poles {antimagic, rPois rC+ Int+3}
rCold   + . .        (no shield)
rNeg    . . .        n - +0 robe
rPois   +            (helmet restricted)
rElec   .            w - +2 cloak {rPois}
rCorr   .            (gloves unavailable)
SInv    +            (boots unavailable)
Will    +....        (no amulet)
Stlth   +++          (no ring)
HPRegen 0.26/turn    (no ring)
MPRegen 0.10/turn

%: no passive effects
@: very quick
A: very small, no large weapons, unfitting armour, see invisible, speed 3
a: Renounce Religion, Channel Magic


You were on level 6 of the Dungeon.
You worshipped Sif Muna.
Sif Muna was aware of your devotion.
You visited 2 branches of the dungeon, and saw 8 of its levels.

You collected 360 gold pieces.
You spent 279 gold pieces at shops.

Inventory:

Hand Weapons
 a - a +1 dagger
 b - the +7 dagger of the Poles (weapon) {antimagic, rPois rC+ Int+3}
   (You found it on level 3 of the Dungeon)

   Int+3:     It affects your intelligence (+3).
   rC+:       It protects you from cold.
   rPois:     It protects you from poison
Missiles
 d - a throwing net (quivered)
Armour
 n - a +0 robe (worn)
 w - a +2 cloak of poison resistance (worn)
Scrolls
 f - 2 scrolls of vulnerability {unknown}
 g - 3 scrolls of poison
 m - a scroll of fog {unknown}
 o - 2 scrolls of summoning
 q - a scroll of enchant armour {unknown}
 r - a scroll of teleportation {unknown}
 s - a scroll of brand weapon {unknown}
 v - a scroll of amnesia {unknown}
Potions
 c - 2 potions of invisibility
 e - a potion of lignification
 i - 2 potions of magic {unknown}
 j - a potion of attraction {unknown}
 k - 2 potions of heal wounds
 l - 2 potions of ambrosia
 p - a potion of brilliance
 t - a potion of curing
 u - a potion of cancellation {unknown}


   Skills:
 - Level 2.0 Fighting
 - Level 4.0 Short Blades
 - Level 3.3 Dodging
 - Level 5.0 Stealth
 - Level 6.0 Spellcasting
 + Level 9.4 Hexes


You had 8 spell levels left.
You knew the following spells:

 Your Spells              Type           Power      Damage    Failure   Level
a - Dazzling Flash        Conj/Hex       46%        N/A       4%          3
c - Confusing Touch       Hex            41%        N/A       1%          3
d - Tukima's Dance        Hex            41%        N/A       1%          3
e - Ensorcelled Hibernat  Hex/Ice        46%        N/A       2%          2

Your spell library contained the following spells:

 Spells                   Type           Power      Damage    Failure   Level
 Cigotuvi's Dreadful Rot  Necr/Alch/Air  10%        N/A       17%         2
 Volatile Blastmotes      Fire/Tloc      10%        2d10      32%         3
 Ignite Poison            Fire/Alch      5%         N/A       73%         4
 Freezing Cloud           Conj/Ice/Air   2%         6-21      97%         5
 Starburst                Conj/Fire      2%         6d3       100%        6
 Maxwell's Capacitive Co  Air            2%         ∞         100%        8


Dungeon Overview and Level Annotations

Branches:
Dungeon (7/15)             Temple (1/1) D:5

Altars:
Ashenzari
Cheibriados
Dithmenos
Elyvilon
Fedhas
Gozag
Hepliaklqana
Kikubaaqudgha
Nemelex Xobeh
Okawaru
Qazlal
Ru
Sif Muna
Trog
Uskayaw
Vehumet
Wu Jian
Xom
Yredelemnul
Zin
The Shining One

Shops:
D:5 :*(

Annotations:
D:6 Maggie, Pikel


Innate Abilities, Weirdness & Mutations

You are very small and have problems with some larger weapons.
You are too small for most types of armour.
You have supernaturally acute eyesight. (SInv)
You cover ground extremely quickly. (Speed+++)


Message History

There is an open door here.
There is an open door here.
You open the door.
There is an open door here.
There is an open door here.
Pikel is nearby!
The lemure shouts! x2
Pikel shouts!
The lemure shouts!
Pikel says, "Hell isn't that bad."
Casting: Ensorcelled Hibernation (safe; 2% risk of failure)
Confirm with . or Enter, or press ? or * to list all spells.
Your hands begin to glow red.
Pikel hits you with a +2 whip of electrocution.
The lemure closely misses you.
You hit Pikel but do no damage.
Pikel appears confused.
The lemure barely misses you. The lemure hits you but does no damage.
You hit Pikel.
Pikel is lightly wounded.
Pikel closely misses the lemure.
The lemure hits you but does no damage. The lemure misses you.
You puncture Pikel!
Pikel is lightly wounded.
You hit Pikel but do no damage.
Pikel is lightly wounded.
Pikel hits you with a +2 whip of electrocution.
The lemure completely misses you. The lemure barely misses you.
You hit Pikel but do no damage.
Pikel is lightly wounded.
Pikel hits you with a +2 whip of electrocution.
The lemure hits you. x2
You hit Pikel.
Pikel is moderately wounded.
Pikel shouts, "What's happening?!"
Pikel misses the lemure.
The lemure closely misses you. The lemure misses you.
You catch the helpless Pikel completely off-guard!
You impale Pikel!!
Pikel is severely wounded.
Pikel hits you with a +2 whip of electrocution!
You are electrocuted!!
You die...

..............5......#####.
............(.>............
########...##.###.#......#.#####.
.#.#...+....#.# #.#..###.#..####.
.#.#.###)...#.# #.#..#...........
.#.#.....<..#.###.#..#####....###
.#.........##.....#..# ##..##
[#............#####..# ♣....♣
.#............5K@.#..## ♣♣...♣
.#........###..55.....# ♣♣.♣♣
.#..............###...# ♣♣.♣
.##..#####............# ♣.♣♣
.##<..####.########...# ♣♣.♣
.##........##.........# ♣.♣♣
.##....######.####.#..# ##'## #
.##........##)###..#..# #.[.# #
...........##.#...##..# #...# #


You could see Pikel (confused) and 3 lemures.

Vanquished Creatures
  Prince Ribbit (D:6)
  A steam dragon (D:6)
  Edmund (D:6)
  An ice beast (D:5)
  2 centaurs
  A lemure (D:6)
  A scorpion (D:5)
  A bombardier beetle (D:4)
  2 hounds
  Crazy Yiuf (D:6)
  A jelly (D:5)
  An iguana (D:5)
  A sleepcap (D:4)
  3 orc wizards
  A gnoll (D:6)
  7 adders
  A white imp (D:6)
  16 orcs
  5 endoplasms
  6 giant cockroaches
  8 hobgoblins
  8 jackals
  7 kobolds
  6 quokkas
  5 ball pythons
  8 bats
  A frilled lizard (D:2)
  9 goblins
  7 rats
113 creatures vanquished.

Notes
Turn   | Place    | Note
-------+----------+-------------------------------------------
     0 | D:1      | mezmerelda the Spriggan Enchanter began the quest for the
                  | Orb.
     0 | D:1      | Reached XP level 1. HP: 9/9 MP: 5/5
   264 | D:1      | Reached XP level 2. HP: 13/13 MP: 6/6
   282 | D:1      | Learned a level 2 spell: Ensorcelled Hibernation
   619 | D:1      | Reached XP level 3. HP: 16/16 MP: 8/8
  1499 | D:2      | Reached XP level 4. HP: 16/21 MP: 0/9
  1871 | D:2      | Found an opulent altar of Gozag.
  2279 | D:3      | Found a faded altar of an unknown god.
  2421 | D:3      | Identified the +7 dagger of the Poles {antimagic, rPois rC+
                  | Int+3}
  2519 | D:3      | Reached skill level 5 in Stealth
  2611 | D:3      | Reached skill level 1 in Fighting
  2666 | D:3      | Found an opulent altar of Gozag.
  2710 | D:3      | You fall into a shaft and drop 2 floors!
  2710 | D:5      | Entered Level 5 of the Dungeon
  2725 | D:5      | Found Riagguxt's General Store.
  2794 | D:5      | Reached XP level 5. HP: 26/26 MP: 3/10
  2914 | D:3      | Learned a level 3 spell: Confusing Touch
  2918 | D:3      | Learned a level 3 spell: Tukima's Dance
  3505 | D:4      | Found an ancient bone altar of Kikubaaqudgha.
  3512 | D:4      | Found a shimmering blue altar of Sif Muna.
  3527 | D:4      | Became a worshipper of Sif Muna the Loreminder
  3624 | D:4      | Found an iron altar of Okawaru.
  3625 | D:4      | Found a hide-covered altar of Uskayaw.
  3728 | D:4      | Reached XP level 6. HP: 30/30 MP: 4/14
  3890 | D:5      | Reached skill level 5 in Spellcasting
  4405 | D:5      | Reached skill level 4 in Hexes
  4525 | D:5      | Found a staircase to the Ecumenical Temple.
  4532 | Temple   | Entered the Ecumenical Temple
  4622 | D:5      | Reached skill level 5 in Hexes
  4622 | D:5      | Reached XP level 7. HP: 29/35 MP: 5/17
  4655 | D:5      | Found Watyude's Book Emporium.
  4657 | D:5      | Found Zekluf's Weapon Shoppe.
  4660 | D:5      | Reached * piety under Sif Muna
  4726 | D:5      | Bought a scroll of summoning for 123 gold pieces
  4726 | D:5      | Bought a potion of heal wounds for 65 gold pieces
  4726 | D:5      | Bought a scroll of poison for 52 gold pieces
  4726 | D:5      | Bought a potion of curing for 39 gold pieces
  4918 | D:5      | Reached skill level 6 in Hexes
  4965 | D:5      | Found a sparkling altar of Nemelex Xobeh.
  5050 | D:6      | Learned a level 3 spell: Dazzling Flash
  5326 | D:6      | Noticed Pikel
  5330 | D:6      | Noticed Prince Ribbit
  5363 | D:6      | Found a runed translucent door.
  5364 | D:6      | Noticed Crazy Yiuf
  5373 | D:6      | Killed Crazy Yiuf
  5374 | D:6      | Reached skill level 7 in Hexes
  5426 | D:6      | Noticed Maggie
  5438 | D:6      | Noticed Edmund
  5451 | D:6      | Killed Edmund
  5632 | D:6      | Killed Prince Ribbit
  5633 | D:6      | Reached skill level 8 in Hexes
  5633 | D:6      | Reached XP level 8. HP: 30/39 MP: 2/18
  5744 | D:6      | Reached skill level 9 in Hexes
  6029 | D:6      | Mangled by Pikel

Illustrated notes

Levels and vault maps discovered:
D:1:      dpeg_arrival_three_same_balls, layout_loops_ring, minmay_tall_x
D:2:      layout_rooms, basic_altar, lemuel_flame_loot_1
D:3:      layout_loops_cross, general_overflow_altar,
          hellmonk_ecumenical_altar_lost_god
D:4:      layout_cave_pools, gammafunk_temple_overflow_statue,
          mainiacjoe_overflow_large_starburst
D:5:      layout_basic, nemelex_diamond_rough_becter,
          minmay_temple_entry_gardened_gates, nicolae_wooded_promenade
D:6:      layout_basic, ebering_ghost_disaster_area, uniq_edmund,
          uniq_crazy_yiuf_cottage, uniq_prince_ribbit1, uniq_maggie, uniq_pikel
D:7:      layout_cave_pools, kennysheep_diamond, minivault_14
Temple:   nicolae_temple_bog_church

Skill      XL: |  1  2  3  4  5  6  7  8 |
---------------+-------------------------+-----
Short Blades   | 2 3 4 |  4.0
Dodging        | 3 |  3.3
Stealth        | 5 |  5.0
Fighting       | 1 2 |  2.0
Spellcasting   | 4 6 |  6.0
Hexes          | 5 8 9 |  9.4

Action                     |  1- 3 |  4- 6 |  7- 9 || total
---------------------------+-------+-------+-------++-------
  Melee: Dagger            |   191 |   219 |    59 ||   469
         Punch             |     2 |     3 |     2 ||     7
   Cast: Ensorcelled Hiber |    13 |     9 |     5 ||    27
         Confusing Touch   |       |       |     5 ||     5
    Use: Scroll            |       |       |     4 ||     4
   Stab: Sleeping          |    14 |     7 |     5 ||    26
         Confused          |       |       |     3 ||     3
 Armour: Robe              |    49 |    66 |    30 ||   145
  Dodge: Dodged            |   132 |   149 |    38 ||   319
